Maple Leafs vs Oilers
Created - November 18, 2020 at 19:54
Goals
|
| Maple Leafs |
1 |
0 |
2 |
3 |
| Oilers |
0 |
1 |
0 |
1 |
|
Shots
|
| Maple Leafs |
13 |
6 |
10 |
29 |
| Oilers |
14 |
13 |
4 |
31 |
|
1st period
1. Maple Leafs , Beau Bennett 2 (Hampus Lindholm 6, Andre Burakovsky 2) at 16:08
Penalties :
Ben Smith (Tor) for Holding Stick (Minor) at 0:40
2nd period
2. Oilers , Pavel Buchnevich 2 (Oscar Klefbom 3, Connor McDavid 5) at 0:10
Penalties :
Braydon Coburn (Tor) for High sticking (Minor) at 1:07, Kyle Clifford (Tor) for Cross-checking (Minor) at 11:00, Andre Burakovsky (Tor) for High sticking (Minor) at 14:28
3rd period
3. Maple Leafs , Brayden Schenn 8 (Patrick Kane 9) at 0:12
4. Maple Leafs , Beau Bennett 3 (Kevin Shattenkirk 16) at 5:51
Penalties :
Chris Kelly (Tor) for Slashing (Minor) at 10:01, Jordan Caron (EDM) for Interference (Minor) at 14:11
Goalie Stats
Brian Elliott (Tor), 30 saves from 31 shots - (0.968), W, 4-2-1, 60:00 minutes
Marc-André Fleury (EDM), 26 saves from 29 shots - (0.897), L, 5-3-1, 60:00 minutes
Players Stats for Maple Leafs
Player Name G A P +/- PIM S H SB GA TA FO MP PP MP PK MP
------------------------------------------------------------------------------------
Andre Burakovsky 0 1 1 2 2 3 0 0 0 0 0/0 11:52 0:00 0:08
Beau Bennett 2 0 2 2 0 2 2 0 0 0 0/1 10:23 0:00 0:00
Ben Smith 0 0 0 0 2 1 3 1 0 0 0/1 15:41 1:02 1:55
Blake Comeau 0 0 0 0 0 2 0 0 0 0 0/0 7:56 0:00 0:00
Brayden Schenn 1 0 1 0 0 3 2 1 0 1 12/32 22:05 0:57 5:36
Braydon Coburn 0 0 0 0 2 1 0 1 0 0 0/0 18:56 0:00 4:48
Calvin de Haan 0 0 0 0 0 0 1 0 1 0 0/0 15:10 1:17 0:52
Chris Kelly 0 0 0 0 2 0 0 0 0 0 1/2 7:30 0:00 0:00
Dany Heatley 0 0 0 0 0 0 1 1 0 0 0/0 10:20 0:00 1:48
Hampus Lindholm 0 1 1 2 0 2 1 3 0 1 0/0 23:07 1:17 4:15
Jake Guentzel 0 0 0 0 0 2 2 1 0 0 0/1 16:41 0:57 0:00
John Klingberg 0 0 0 0 0 3 1 2 1 0 0/0 18:02 0:42 0:00
Jordan Staal 0 0 0 2 0 3 1 1 1 0 2/4 15:22 1:02 2:39
Kevin Shattenkirk 0 1 1 2 0 1 1 1 1 1 0/0 25:18 0:42 3:36
Kyle Clifford 0 0 0 0 2 2 1 0 2 0 0/0 18:03 1:02 4:15
Mika Zibanejad 0 0 0 0 0 1 1 0 1 0 4/9 14:03 0:00 0:50
Patrick Kane 0 1 1 0 0 3 2 4 1 1 0/2 19:50 0:57 2:39
Ryan Parent 0 0 0 0 0 0 1 1 0 0 0/0 19:41 0:00 6:19
Players Stats for Oilers
Player Name G A P +/- PIM S H SB GA TA FO MP PP MP PK MP
------------------------------------------------------------------------------------
Anthony Stewart 0 0 0 -1 0 0 1 3 0 0 0/0 12:17 0:03 0:00
Brady Skjei 0 0 0 -1 0 7 1 2 0 0 0/0 20:53 5:33 0:46
Claude Giroux 0 0 0 -1 0 3 2 0 0 1 1/1 18:28 5:34 0:21
Connor McDavid 0 1 1 0 0 5 2 0 0 0 20/33 21:24 5:30 0:20
Johnny Gaudreau 0 0 0 -1 0 1 0 0 0 0 1/1 17:13 4:18 0:27
Jordan Caron 0 0 0 0 2 0 2 0 0 0 1/1 7:07 0:00 0:00
Kellan Lain 0 0 0 0 0 0 1 0 0 0 0/0 8:40 0:07 0:00
Kevin Porter 0 0 0 0 0 0 2 0 0 0 1/3 8:01 0:00 0:28
Leon Draisaitl 0 0 0 -1 0 0 3 0 1 0 5/6 16:51 4:18 0:00
Oscar Klefbom 0 1 1 0 0 1 2 0 1 4 0/0 23:30 4:22 0:00
Pavel Buchnevich 1 0 1 0 0 1 1 0 1 0 1/1 20:05 4:18 0:00
Riley Sheahan 0 0 0 -1 0 2 0 0 0 0 3/6 13:11 0:00 1:11
Rostislav Olesz 0 0 0 -1 0 2 0 0 0 0 0/0 12:46 0:07 0:00
Shea Weber 0 0 0 0 0 3 1 0 0 2 0/0 25:35 5:33 1:13
Steve Montador 0 0 0 -1 0 2 0 1 0 1 0/0 14:40 0:00 0:00
Taylor Hall 0 0 0 0 0 2 2 1 1 0 0/0 21:57 5:30 1:11
Tobias Enstrom 0 0 0 -1 0 1 1 1 0 0 0/0 20:03 4:22 1:13
Travis Hamonic 0 0 0 -1 0 1 1 3 0 0 0/0 15:19 0:00 0:46
3 Stars
1 - Beau Bennett (Tor)
2 - Brian Elliott (Tor)
3 - Brayden Schenn (Tor)
Power Play
Maple Leafs - 0 on 1 Attempt(s) - 0.00%
Oilers - 0 on 5 Attempt(s) - 0.00%
Penalty Kill
Maple Leafs - 5 on 5 Attempt(s) - 100.00%
- Score 0 goal in Penalty Kill
Oilers - 1 on 1 Attempt(s) - 100.00%
- Score 0 goal in Penalty Kill
Team Stat
Maple Leafs - Hits : 20 - Faceoff Wins : 19 - Blocked Shots : 17 - Penalty Minutes : 10
Oilers - Hits : 22 - Faceoff Wins : 33 - Blocked Shots : 11 - Penalty Minutes : 2
Official
Referees : Unknown
Linesman : Unknown
Game Notes
No Game Note
Finance
Level 1 -- Attendance: 4934 (82.23%) -- Ticket Income $542,740
Level 2 -- Attendance: 3985 (79.70%) -- Ticket Income $278,950
Level 3 -- Attendance: 1670 (83.50%) -- Ticket Income $76,820
Level 4 -- Attendance: 3054 (76.35%) -- Ticket Income $91,620
Luxury Box -- Attendance: 1000 (100.00%) -- Ticket Income $180,000
Game was played at the The prudential Center.
Total Attendance: 14643 (81.35%)
Total Ticket Income: $1,170,130
Other Income: $175,520
Total Income: $1,345,650
Maple Leafs
5 vs 5 Forward
Center Left Wing Right Wing Time % Phy DF OF
1 Brayden Schenn Jake Guentzel Patrick Kane 40 1 2 2
2 Mika Zibanejad Kyle Clifford Ben Smith 30 1 2 2
3 Jordan Staal Andre Burakovsky Beau Bennett 20 1 2 2
4 Chris Kelly Dany Heatley Blake Comeau 10 1 2 2
5 vs 5 Defense
Defense Defense Time % Phy DF OF
1 Kevin Shattenkirk Hampus Lindholm 40 1 2 2
2 Braydon Coburn John Klingberg 30 1 2 2
3 Ryan Parent Calvin de Haan 20 1 2 2
4 Kevin Shattenkirk John Klingberg 10 1 2 2
PowerPlay Forward
Center Left Wing Right Wing Time % Phy DF OF
1 Brayden Schenn Jake Guentzel Patrick Kane 60 1 2 2
2 Jordan Staal Kyle Clifford Ben Smith 40 1 2 2
PowerPlay Defense
Defense Defense Time % Phy DF OF
1 Kevin Shattenkirk John Klingberg 60 1 2 2
2 Hampus Lindholm Calvin de Haan 40 1 2 2
Penalty Kill 4 Players Forward
Center Wing Time % Phy DF OF
1 Brayden Schenn Kyle Clifford 60 1 2 2
2 Jordan Staal Patrick Kane 40 1 2 2
Penalty Kill 4 Players Defense
Defense Defense Time % Phy DF OF
1 Braydon Coburn Ryan Parent 60 1 2 2
2 Kevin Shattenkirk Hampus Lindholm 40 1 2 2
Penalty Kill - 3 Players Forward
Forward Time % Phy DF OF
1 Brayden Schenn 60 1 2 2
2 Jordan Staal 40 1 2 2
Penalty Kill - 3 Players Defense
Defense Defense Time % Phy DF OF
1 Braydon Coburn Ryan Parent 60 1 2 2
2 Kevin Shattenkirk Hampus Lindholm 40 1 2 2
4 vs 4 Forward
Center Wing Time % Phy DF OF
1 Jordan Staal Patrick Kane 60 1 2 2
2 Brayden Schenn Kyle Clifford 40 1 2 2
4 vs 4 Defense
Defense Defense Time % Phy DF OF
1 Kevin Shattenkirk Braydon Coburn 60 1 2 2
2 John Klingberg Hampus Lindholm 40 1 2 2
Last Minutes Offensive
Center Left Wing Right Wing Defense Defense
Brayden Schenn Kyle Clifford Patrick Kane Kevin Shattenkirk John Klingberg
Last Minutes Defensive
Center Left Wing Right Wing Defense Defense
Jordan Staal Kyle Clifford Patrick Kane Kevin Shattenkirk Braydon Coburn
Goaltenders
Starting : Brian Elliott
Backup : John Gibson
Extra Forwards
Normal : Dany Heatley, Andre Burakovsky, Patrick Kane - PP : Dany Heatley, Patrick Kane - PK : Ben Smith
Extra Defensemen
Normal : Hampus Lindholm, Ryan Parent, Kevin Shattenkirk - PP : Hampus Lindholm - PK : Hampus Lindholm, Calvin de Haan
Penalty Shots
Patrick Kane, Andre Burakovsky, Brayden Schenn, Jordan Staal, Kyle Clifford
Scratches
None
Oilers
5 vs 5 Forward
Center Left Wing Right Wing Time % Phy DF OF
1 Connor McDavid Taylor Hall Pavel Buchnevich 40 1 2 2
2 Leon Draisaitl Johnny Gaudreau Claude Giroux 30 1 2 2
3 Riley Sheahan Rostislav Olesz Anthony Stewart 20 1 2 2
4 Kevin Porter Kellan Lain Jordan Caron 10 1 2 2
5 vs 5 Defense
Defense Defense Time % Phy DF OF
1 Shea Weber Oscar Klefbom 40 1 2 2
2 Travis Hamonic Brady Skjei 30 1 2 2
3 Tobias Enstrom Steve Montador 20 1 2 2
4 Tobias Enstrom Steve Montador 10 1 2 2
PowerPlay Forward
Center Left Wing Right Wing Time % Phy DF OF
1 Connor McDavid Taylor Hall Claude Giroux 60 1 2 2
2 Leon Draisaitl Johnny Gaudreau Pavel Buchnevich 40 1 2 2
PowerPlay Defense
Defense Defense Time % Phy DF OF
1 Brady Skjei Shea Weber 60 1 2 2
2 Oscar Klefbom Tobias Enstrom 40 1 2 2
Penalty Kill 4 Players Forward
Center Wing Time % Phy DF OF
1 Riley Sheahan Taylor Hall 60 1 2 2
2 Kevin Porter Claude Giroux 40 1 2 2
Penalty Kill 4 Players Defense
Defense Defense Time % Phy DF OF
1 Tobias Enstrom Shea Weber 60 1 2 2
2 Travis Hamonic Brady Skjei 40 1 2 2
Penalty Kill - 3 Players Forward
Forward Time % Phy DF OF
1 Claude Giroux 60 1 2 2
2 Taylor Hall 40 1 2 2
Penalty Kill - 3 Players Defense
Defense Defense Time % Phy DF OF
1 Travis Hamonic Shea Weber 60 1 2 2
2 Tobias Enstrom Brady Skjei 40 1 2 2
4 vs 4 Forward
Center Wing Time % Phy DF OF
1 Riley Sheahan Taylor Hall 60 1 2 2
2 Kevin Porter Claude Giroux 40 1 2 2
4 vs 4 Defense
Defense Defense Time % Phy DF OF
1 Travis Hamonic Tobias Enstrom 60 1 2 2
2 Shea Weber Brady Skjei 40 1 2 2
Last Minutes Offensive
Center Left Wing Right Wing Defense Defense
Connor McDavid Johnny Gaudreau Claude Giroux Travis Hamonic Shea Weber
Last Minutes Defensive
Center Left Wing Right Wing Defense Defense
Riley Sheahan Taylor Hall Claude Giroux Travis Hamonic Shea Weber
Goaltenders
Starting : Marc-André Fleury
Backup : Jonas Gustavsson
Extra Forwards
Normal : Kellan Lain, Rostislav Olesz, Kevin Porter - PP : Kellan Lain, Rostislav Olesz - PK : Kevin Porter
Extra Defensemen
Normal : Steve Montador, Oscar Klefbom, Tobias Enstrom - PP : Brady Skjei - PK : Oscar Klefbom, Tobias Enstrom
Penalty Shots
Claude Giroux, Taylor Hall, Johnny Gaudreau, Riley Sheahan, Kellan Lain
Scratches
Brandon Burlon (Healthy)
% Time on Ice - Maple Leafs
Lines # - Real PCT - Wanted PCT - Time Play
Normal Forward
1 - 34% - 40% - 16:08
2 - 30% - 30% - 14:15
3 - 22% - 20% - 10:23
4 - 15% - 10% - 7:20
Normal Defense
1 - 37% - 40% - 17:44
2 - 29% - 30% - 14:05
3 - 27% - 20% - 13:01
4 - 7% - 10% - 3:16
PP Forward
1 - 48% - 60% - 0:57
2 - 52% - 40% - 1:02
PP Defense
1 - 35% - 60% - 0:42
2 - 65% - 40% - 1:17
PK Forward
1 - 73% - 60% - 7:16
2 - 27% - 40% - 2:39
PK Defense
1 - 67% - 60% - 6:37
2 - 33% - 40% - 3:18
PK3 Forward
1 - 0% - 60%
2 - 0% - 40%
PK3 Defense
1 - 0% - 60%
2 - 0% - 40%
44 Forward
1 - 0% - 60%
2 - 0% - 40%
44 Defense
1 - 0% - 60%
2 - 0% - 40%
Last Minute Offensive - 0:00
Last Minute Defensive - 0:00
Total
Forward - 60:00
Defense - 60:00
|
% Time on Ice - Oilers
Lines # - Real PCT - Wanted PCT - Time Play
Normal Forward
1 - 34% - 40% - 16:33
2 - 26% - 30% - 12:41
3 - 24% - 20% - 11:46
4 - 15% - 10% - 7:06
Normal Defense
1 - 40% - 40% - 19:13
2 - 33% - 30% - 15:41
3 - 20% - 20% - 9:31
4 - 8% - 10% - 3:41
PP Forward
1 - 57% - 60% - 5:37
2 - 43% - 40% - 4:18
PP Defense
1 - 56% - 60% - 5:33
2 - 44% - 40% - 4:22
PK Forward
1 - 82% - 60% - 1:38
2 - 18% - 40% - 0:21
PK Defense
1 - 61% - 60% - 1:13
2 - 39% - 40% - 0:46
PK3 Forward
1 - 0% - 60%
2 - 0% - 40%
PK3 Defense
1 - 0% - 60%
2 - 0% - 40%
44 Forward
1 - 0% - 60%
2 - 0% - 40%
44 Defense
1 - 0% - 60%
2 - 0% - 40%
Last Minute Offensive - 0:00
Last Minute Defensive - 0:00
Total
Forward - 60:00
Defense - 60:00
|
Play-by-Play
1st period
0:01 of 1st period - Brayden Schenn wins face-off versus Connor McDavid in neutral zone.
0:10 of 1st period - Snap shot by Jake Guentzel.
0:10 of 1st period - Shot Misses the Net.
0:12 of 1st period - Slapshot by Hampus Lindholm.
0:12 of 1st period - Stopped by Marc-André Fleury without a rebound.
0:13 of 1st period - Leon Draisaitl wins face-off versus Mika Zibanejad in Oilers zone.
0:13 of 1st period - Leon Draisaitl is hit by John Klingberg.
0:40 of 1st period - Minor Penalty to Ben Smith for Holding Stick.
0:41 of 1st period - Connor McDavid wins face-off versus Brayden Schenn in Maple Leafs zone.
1:13 of 1st period - Jordan Staal is hit by Leon Draisaitl and loses puck.
1:36 of 1st period - Patrick Kane is hit by Oscar Klefbom and loses puck.
2:08 of 1st period - Brayden Schenn is hit by Connor McDavid and loses puck.
2:40 of 1st period - Penalty to Ben Smith is over, Ben Smith is back on ice.
2:47 of 1st period - Blake Comeau is hit by Anthony Stewart and loses puck.
3:10 of 1st period - Kyle Clifford is hit by Jordan Caron and loses puck.
3:31 of 1st period - Johnny Gaudreau is hit by Kevin Shattenkirk and loses puck.
3:38 of 1st period - Snap shot by Jordan Staal.
3:38 of 1st period - Stopped by Marc-André Fleury without a rebound.
3:39 of 1st period - Connor McDavid wins face-off versus Brayden Schenn in Oilers zone.
3:52 of 1st period - Wrist shot by Pavel Buchnevich.
3:52 of 1st period - Shot Blocked by Brayden Schenn.
3:54 of 1st period - Slapshot by Brady Skjei.
3:54 of 1st period - Deflect By Patrick Kane.
3:54 of 1st period - Stopped by Brian Elliott with a rebound.
4:51 of 1st period - Snap shot by Brayden Schenn.
4:51 of 1st period - Stopped by Marc-André Fleury with a rebound.
4:53 of 1st period - Snap shot by John Klingberg.
4:53 of 1st period - Stopped by Marc-André Fleury without a rebound.
4:54 of 1st period - Pavel Buchnevich wins face-off versus Patrick Kane in Oilers zone.
4:59 of 1st period - John Klingberg is hit by Shea Weber and loses puck.
5:08 of 1st period - Snap shot by Connor McDavid.
5:08 of 1st period - Shot Misses the Net.
5:10 of 1st period - Wrist shot by Taylor Hall.
5:10 of 1st period - Shot Blocked by Patrick Kane.
5:22 of 1st period - Wrist shot by Jordan Staal.
5:22 of 1st period - Stopped by Marc-André Fleury with a rebound.
5:41 of 1st period - Off-side.
5:42 of 1st period - Mika Zibanejad wins face-off versus Kevin Porter in neutral zone.
6:12 of 1st period - Wrist shot by Connor McDavid.
6:12 of 1st period - Shot Misses the Net.
6:36 of 1st period - Snap shot by Claude Giroux.
6:36 of 1st period - Shot Misses the Net.
6:42 of 1st period - Wrist shot by Claude Giroux.
6:42 of 1st period - Shot Blocked by Jordan Staal.
7:00 of 1st period - Wrist shot by Blake Comeau.
7:00 of 1st period - Stopped by Marc-André Fleury with a rebound.
7:12 of 1st period - Snap shot by Brayden Schenn.
7:12 of 1st period - Stopped by Marc-André Fleury without a rebound.
7:13 of 1st period - Brayden Schenn wins face-off versus Connor McDavid in Oilers zone.
7:56 of 1st period - Snap shot by Connor McDavid.
7:56 of 1st period - Shot Blocked by Hampus Lindholm.
7:58 of 1st period - Wrist shot by Taylor Hall.
7:58 of 1st period - Shot Blocked by Kevin Shattenkirk.
8:02 of 1st period - Wrist shot by Taylor Hall.
8:02 of 1st period - Stopped by Brian Elliott with a rebound.
8:52 of 1st period - Slapshot by Connor McDavid.
8:52 of 1st period - Shot Misses the Net.
8:54 of 1st period - Slapshot by Steve Montador.
8:54 of 1st period - Stopped by Brian Elliott with a rebound.
8:56 of 1st period - Slapshot by Pavel Buchnevich.
8:56 of 1st period - Shot Misses the Net.
9:06 of 1st period - Wrist shot by Taylor Hall.
9:06 of 1st period - Deflect By Connor McDavid.
9:06 of 1st period - Stopped by Brian Elliott with a rebound.
9:08 of 1st period - Wrist shot by Connor McDavid.
9:08 of 1st period - Stopped by Brian Elliott without a rebound.
9:09 of 1st period - Leon Draisaitl wins face-off versus Jake Guentzel in Maple Leafs zone.
9:59 of 1st period - Slapshot by Shea Weber.
9:59 of 1st period - Stopped by Brian Elliott with a rebound.
10:07 of 1st period - Kellan Lain is hit by Dany Heatley and loses puck.
11:12 of 1st period - Snap shot by Beau Bennett.
11:12 of 1st period - Shot Blocked by Brady Skjei.
11:21 of 1st period - Icing by Jordan Staal.
11:22 of 1st period - Kevin Porter wins face-off versus Chris Kelly in Maple Leafs zone.
11:23 of 1st period - Snap shot by Kellan Lain.
11:23 of 1st period - Shot Misses the Net.
11:25 of 1st period - Slapshot by Steve Montador.
11:25 of 1st period - Stopped by Brian Elliott with a rebound.
11:57 of 1st period - Backhand shot by Patrick Kane.
11:57 of 1st period - Shot Misses the Net.
12:15 of 1st period - Backhand shot by Tobias Enstrom.
12:15 of 1st period - Stopped by Brian Elliott without a rebound.
12:16 of 1st period - Brayden Schenn wins face-off versus Riley Sheahan in Maple Leafs zone.
12:47 of 1st period - Slapshot by Riley Sheahan.
12:47 of 1st period - Stopped by Brian Elliott without a rebound.
12:48 of 1st period - Connor McDavid wins face-off versus Mika Zibanejad in Maple Leafs zone.
12:57 of 1st period - Slapshot by Kyle Clifford.
12:57 of 1st period - Shot Misses the Net.
13:20 of 1st period - Wrist shot by Andre Burakovsky.
13:20 of 1st period - Stopped by Marc-André Fleury with a rebound.
13:22 of 1st period - Slapshot by Jordan Staal.
13:22 of 1st period - Deflect By Andre Burakovsky.
13:22 of 1st period - Stopped by Marc-André Fleury with a rebound.
13:56 of 1st period - Snap shot by Riley Sheahan.
13:56 of 1st period - Stopped by Brian Elliott without a rebound.
13:57 of 1st period - Chris Kelly wins face-off versus Kevin Porter in Maple Leafs zone.
14:08 of 1st period - Slapshot by Calvin de Haan.
14:08 of 1st period - Shot Misses the Net.
14:18 of 1st period - Ryan Parent is hit by Oscar Klefbom and loses puck.
14:25 of 1st period - Snap shot by Brady Skjei.
14:25 of 1st period - Stopped by Brian Elliott without a rebound.
14:26 of 1st period - Connor McDavid wins face-off versus Brayden Schenn in Maple Leafs zone.
14:39 of 1st period - Slapshot by Patrick Kane.
14:39 of 1st period - Shot Misses the Net.
15:20 of 1st period - Icing by Kevin Shattenkirk.
15:21 of 1st period - Jordan Staal wins face-off versus Connor McDavid in Maple Leafs zone.
15:30 of 1st period - Wrist shot by Jordan Staal.
15:30 of 1st period - Shot Misses the Net.
15:32 of 1st period - Wrist shot by Beau Bennett.
15:32 of 1st period - Shot Misses the Net.
15:34 of 1st period - Wrist shot by Jordan Staal.
15:34 of 1st period - Stopped by Marc-André Fleury with a rebound.
15:36 of 1st period - Slapshot by Andre Burakovsky.
15:36 of 1st period - Stopped by Marc-André Fleury with a rebound.
16:08 of 1st period - Snap shot by Beau Bennett.
16:08 of 1st period - Goal by Beau Bennett - Maple Leafs : 1 - Oilers : 0.
16:09 of 1st period - Connor McDavid wins face-off versus Brayden Schenn in neutral zone.
16:24 of 1st period - Slapshot by Patrick Kane.
16:24 of 1st period - Stopped by Marc-André Fleury without a rebound.
16:25 of 1st period - Mika Zibanejad wins face-off versus Leon Draisaitl in Oilers zone.
16:33 of 1st period - Off-side.
16:34 of 1st period - Leon Draisaitl wins face-off versus Mika Zibanejad in neutral zone.
16:59 of 1st period - Snap shot by Johnny Gaudreau.
16:59 of 1st period - Shot Misses the Net.
17:01 of 1st period - Snap shot by Leon Draisaitl.
17:01 of 1st period - Shot Misses the Net.
17:03 of 1st period - Slapshot by Oscar Klefbom.
17:03 of 1st period - Stopped by Brian Elliott with a rebound.
17:05 of 1st period - Slapshot by Shea Weber.
17:05 of 1st period - Shot Misses the Net.
17:07 of 1st period - Slapshot by Shea Weber.
17:07 of 1st period - Stopped by Brian Elliott with a rebound.
17:09 of 1st period - Slapshot by Shea Weber.
17:09 of 1st period - Stopped by Brian Elliott without a rebound.
17:10 of 1st period - Connor McDavid wins face-off versus Brayden Schenn in Maple Leafs zone.
17:23 of 1st period - Off-side.
17:24 of 1st period - Connor McDavid wins face-off versus Patrick Kane in neutral zone.
17:31 of 1st period - Snap shot by Taylor Hall.
17:31 of 1st period - Shot Misses the Net.
17:51 of 1st period - Kevin Shattenkirk is hit by Travis Hamonic and loses puck.
18:50 of 1st period - Kellan Lain is hit by Jake Guentzel and loses puck.
18:59 of 1st period - Snap shot by Brayden Schenn.
18:59 of 1st period - Shot Misses the Net.
19:01 of 1st period - Slapshot by Ryan Parent.
19:01 of 1st period - Shot Misses the Net.
19:21 of 1st period - Wrist shot by Kevin Shattenkirk.
19:21 of 1st period - Shot Blocked by Brady Skjei.
19:23 of 1st period - Wrist shot by Blake Comeau.
19:23 of 1st period - Shot Blocked by Travis Hamonic.
19:43 of 1st period - Wrist shot by Pavel Buchnevich.
19:43 of 1st period - Shot Blocked by Ben Smith.
19:59 of 1st period - Snap shot by Riley Sheahan.
19:59 of 1st period - Shot Misses the Net.
Goals for this period are 1 for Maple Leafs vs 0 for Oilers.
Shots for this period are 13 for Maple Leafs vs 14 for Oilers.
2nd period
0:01 of 2nd period - Connor McDavid wins face-off versus Brayden Schenn in neutral zone.
0:06 of 2nd period - Slapshot by Connor McDavid.
0:06 of 2nd period - Shot Misses the Net.
0:08 of 2nd period - Slapshot by Oscar Klefbom.
0:08 of 2nd period - Shot Blocked by Hampus Lindholm.
0:10 of 2nd period - Wrist shot by Pavel Buchnevich.
0:10 of 2nd period - Goal by Pavel Buchnevich - Maple Leafs : 1 - Oilers : 1.
0:11 of 2nd period - Brayden Schenn wins face-off versus Connor McDavid in neutral zone.
0:18 of 2nd period - Slapshot by Kevin Shattenkirk.
0:18 of 2nd period - Stopped by Marc-André Fleury with a rebound.
0:42 of 2nd period - Wrist shot by Kyle Clifford.
0:42 of 2nd period - Stopped by Marc-André Fleury with a rebound.
0:44 of 2nd period - Wrist shot by Kyle Clifford.
0:44 of 2nd period - Stopped by Marc-André Fleury without a rebound.
0:45 of 2nd period - Connor McDavid wins face-off versus Mika Zibanejad in Oilers zone.
0:45 of 2nd period - Connor McDavid is hit by Mika Zibanejad.
0:59 of 2nd period - Snap shot by Taylor Hall.
0:59 of 2nd period - Shot Misses the Net.
1:01 of 2nd period - Snap shot by Pavel Buchnevich.
1:01 of 2nd period - Shot Misses the Net.
1:07 of 2nd period - Minor Penalty to Braydon Coburn for High sticking.
1:08 of 2nd period - Brayden Schenn wins face-off versus Connor McDavid in Maple Leafs zone.
1:43 of 2nd period - Snap shot by Pavel Buchnevich.
1:43 of 2nd period - Deflect By Johnny Gaudreau.
1:43 of 2nd period - Shot Blocked by Hampus Lindholm.
1:43 of 2nd period - Puck is out of play.
1:44 of 2nd period - Connor McDavid wins face-off versus Jordan Staal in Maple Leafs zone.
2:04 of 2nd period - Icing by Oscar Klefbom.
2:05 of 2nd period - Connor McDavid wins face-off versus Brayden Schenn in Oilers zone.
2:16 of 2nd period - Wrist shot by Brady Skjei.
2:16 of 2nd period - Stopped by Brian Elliott with a rebound.
2:18 of 2nd period - Snap shot by Pavel Buchnevich.
2:18 of 2nd period - Deflect By Johnny Gaudreau.
2:18 of 2nd period - Stopped by Brian Elliott with a rebound.
2:20 of 2nd period - Wrist shot by Pavel Buchnevich.
2:20 of 2nd period - Shot Misses the Net.
2:36 of 2nd period - Wrist shot by Taylor Hall.
2:36 of 2nd period - Stopped by Brian Elliott with a rebound.
2:38 of 2nd period - Backhand shot by Brady Skjei.
2:38 of 2nd period - Stopped by Brian Elliott without a rebound.
2:39 of 2nd period - Jordan Staal wins face-off versus Connor McDavid in Maple Leafs zone.
3:07 of 2nd period - Penalty to Braydon Coburn is over, Braydon Coburn is back on ice.
3:31 of 2nd period - Wrist shot by Hampus Lindholm.
3:31 of 2nd period - Shot Blocked by Anthony Stewart.
3:33 of 2nd period - Snap shot by Blake Comeau.
3:33 of 2nd period - Shot Misses the Net.
3:35 of 2nd period - Slapshot by Kevin Shattenkirk.
3:35 of 2nd period - Shot Misses the Net.
3:37 of 2nd period - Slapshot by Dany Heatley.
3:37 of 2nd period - Deflect By Blake Comeau.
3:37 of 2nd period - Shot Hit the Post.
3:37 of 2nd period - Puck is out of play.
3:38 of 2nd period - Brayden Schenn wins face-off versus Connor McDavid in Oilers zone.
3:53 of 2nd period - Wrist shot by Taylor Hall.
3:53 of 2nd period - Shot Misses the Net.
3:55 of 2nd period - Slapshot by Steve Montador.
3:55 of 2nd period - Deflect By Connor McDavid.
3:55 of 2nd period - Stopped by Brian Elliott with a rebound.
4:13 of 2nd period - Wrist shot by Claude Giroux.
4:13 of 2nd period - Shot Misses the Net.
4:25 of 2nd period - Riley Sheahan is hit by Calvin de Haan and loses puck.
4:30 of 2nd period - Snap shot by Blake Comeau.
4:30 of 2nd period - Shot Misses the Net.
4:32 of 2nd period - Wrist shot by Blake Comeau.
4:32 of 2nd period - Shot Blocked by Anthony Stewart.
5:01 of 2nd period - Snap shot by Taylor Hall.
5:01 of 2nd period - Shot Misses the Net.
6:14 of 2nd period - Andre Burakovsky is hit by Taylor Hall and loses puck.
6:44 of 2nd period - Off-side.
6:45 of 2nd period - Claude Giroux wins face-off versus Mika Zibanejad in neutral zone.
7:47 of 2nd period - Icing by Ryan Parent.
7:48 of 2nd period - Brayden Schenn wins face-off versus Riley Sheahan in Maple Leafs zone.
7:55 of 2nd period - Backhand shot by Jake Guentzel.
7:55 of 2nd period - Stopped by Marc-André Fleury without a rebound.
7:56 of 2nd period - Riley Sheahan wins face-off versus Brayden Schenn in Oilers zone.
8:05 of 2nd period - Snap shot by Brayden Schenn.
8:05 of 2nd period - Shot Misses the Net.
8:45 of 2nd period - Wrist shot by Beau Bennett.
8:45 of 2nd period - Deflect By Jordan Staal.
8:45 of 2nd period - Shot Misses the Net.
8:45 of 2nd period - Puck is out of play.
8:46 of 2nd period - Connor McDavid wins face-off versus Brayden Schenn in Oilers zone.
8:46 of 2nd period - Connor McDavid is hit by Brayden Schenn.
8:51 of 2nd period - Off-side.
8:52 of 2nd period - Brayden Schenn wins face-off versus Connor McDavid in neutral zone.
8:56 of 2nd period - Off-side.
8:57 of 2nd period - Connor McDavid wins face-off versus Brayden Schenn in neutral zone.
9:06 of 2nd period - Wrist shot by Connor McDavid.
9:06 of 2nd period - Shot Misses the Net.
9:24 of 2nd period - Kevin Shattenkirk is hit by Claude Giroux and loses puck.
10:13 of 2nd period - Snap shot by Taylor Hall.
10:13 of 2nd period - Shot Misses the Net.
10:19 of 2nd period - Pavel Buchnevich is hit by Beau Bennett and loses puck.
10:34 of 2nd period - Slapshot by Kyle Clifford.
10:34 of 2nd period - Shot Blocked by Taylor Hall.
10:36 of 2nd period - Slapshot by Ryan Parent.
10:36 of 2nd period - Shot Blocked by Travis Hamonic.
10:38 of 2nd period - Snap shot by Kyle Clifford.
10:38 of 2nd period - Shot Blocked by Travis Hamonic.
10:40 of 2nd period - Snap shot by Mika Zibanejad.
10:40 of 2nd period - Stopped by Marc-André Fleury without a rebound.
10:41 of 2nd period - Johnny Gaudreau wins face-off versus Brayden Schenn in Oilers zone.
10:41 of 2nd period - Johnny Gaudreau is hit by Patrick Kane.
10:57 of 2nd period - Wrist shot by Claude Giroux.
10:57 of 2nd period - Stopped by Brian Elliott without a rebound.
10:58 of 2nd period - Mika Zibanejad wins face-off versus Riley Sheahan in Maple Leafs zone.
11:00 of 2nd period - Minor Penalty to Kyle Clifford for Cross-checking.
11:01 of 2nd period - Brayden Schenn wins face-off versus Connor McDavid in Maple Leafs zone.
11:09 of 2nd period - Slapshot by Brady Skjei.
11:09 of 2nd period - Stopped by Brian Elliott without a rebound.
11:10 of 2nd period - Connor McDavid wins face-off versus Brayden Schenn in Maple Leafs zone.
11:11 of 2nd period - Snap shot by Claude Giroux.
11:11 of 2nd period - Shot Blocked by Braydon Coburn.
11:13 of 2nd period - Snap shot by Connor McDavid.
11:13 of 2nd period - Shot Misses the Net.
11:15 of 2nd period - Snap shot by Connor McDavid.
11:15 of 2nd period - Stopped by Brian Elliott without a rebound.
11:16 of 2nd period - Connor McDavid wins face-off versus Brayden Schenn in Maple Leafs zone.
11:42 of 2nd period - Shea Weber is hit by Ryan Parent.
12:00 of 2nd period - Slapshot by Hampus Lindholm.
12:00 of 2nd period - Stopped by Marc-André Fleury with a rebound.
13:00 of 2nd period - Penalty to Kyle Clifford is over, Kyle Clifford is back on ice.
13:44 of 2nd period - Snap shot by Brady Skjei.
13:44 of 2nd period - Deflect By Ryan Parent.
13:44 of 2nd period - Stopped by Brian Elliott with a rebound.
13:46 of 2nd period - Slapshot by Brady Skjei.
13:46 of 2nd period - Shot Blocked by Ryan Parent.
13:48 of 2nd period - Wrist shot by Rostislav Olesz.
13:48 of 2nd period - Shot Blocked by Jake Guentzel.
13:50 of 2nd period - Wrist shot by Anthony Stewart.
13:50 of 2nd period - Shot Misses the Net.
13:52 of 2nd period - Slapshot by Brady Skjei.
13:52 of 2nd period - Stopped by Brian Elliott with a rebound.
13:54 of 2nd period - Snap shot by Anthony Stewart.
13:54 of 2nd period - Shot Misses the Net.
14:18 of 2nd period - Kellan Lain is hit by Beau Bennett.
14:28 of 2nd period - Minor Penalty to Andre Burakovsky for High sticking.
14:29 of 2nd period - Connor McDavid wins face-off versus Brayden Schenn in Maple Leafs zone.
15:30 of 2nd period - Patrick Kane is hit by Claude Giroux and loses puck.
16:28 of 2nd period - Penalty to Andre Burakovsky is over, Andre Burakovsky is back on ice.
16:43 of 2nd period - Dany Heatley is hit by Tobias Enstrom and loses puck.
17:13 of 2nd period - Kyle Clifford is hit by Jordan Caron and loses puck.
18:31 of 2nd period - Blake Comeau is hit by Brady Skjei and loses puck.
18:54 of 2nd period - Taylor Hall is hit by Hampus Lindholm and loses puck.
19:13 of 2nd period - Snap shot by Kellan Lain.
19:13 of 2nd period - Shot Misses the Net.
19:19 of 2nd period - Snap shot by Kellan Lain.
19:19 of 2nd period - Deflect By Patrick Kane.
19:19 of 2nd period - Shot Blocked by Patrick Kane.
19:19 of 2nd period - Puck is out of play.
19:20 of 2nd period - Leon Draisaitl wins face-off versus Ben Smith in Maple Leafs zone.
19:25 of 2nd period - Wrist shot by Claude Giroux.
19:25 of 2nd period - Stopped by Brian Elliott with a rebound.
19:37 of 2nd period - Wrist shot by Claude Giroux.
19:37 of 2nd period - Stopped by Brian Elliott with a rebound.
Goals for this period are 0 for Maple Leafs vs 1 for Oilers.
Shots for this period are 6 for Maple Leafs vs 13 for Oilers.
3rd period
0:01 of 3rd period - Brayden Schenn wins face-off versus Connor McDavid in neutral zone.
0:12 of 3rd period - Wrist shot by Brayden Schenn.
0:12 of 3rd period - Goal by Brayden Schenn - Maple Leafs : 2 - Oilers : 1.
0:13 of 3rd period - Connor McDavid wins face-off versus Brayden Schenn in neutral zone.
1:06 of 3rd period - Snap shot by Blake Comeau.
1:06 of 3rd period - Shot Hit the Post.
1:08 of 3rd period - Snap shot by Braydon Coburn.
1:08 of 3rd period - Stopped by Marc-André Fleury without a rebound.
1:09 of 3rd period - Connor McDavid wins face-off versus Brayden Schenn in Oilers zone.
1:09 of 3rd period - Connor McDavid is hit by Brayden Schenn.
1:14 of 3rd period - Off-side.
1:15 of 3rd period - Brayden Schenn wins face-off versus Connor McDavid in neutral zone.
1:26 of 3rd period - Slapshot by Patrick Kane.
1:26 of 3rd period - Stopped by Marc-André Fleury without a rebound.
1:27 of 3rd period - Connor McDavid wins face-off versus Brayden Schenn in Oilers zone.
2:00 of 3rd period - Kyle Clifford is hit by Leon Draisaitl and loses puck.
2:57 of 3rd period - Pavel Buchnevich is hit by Patrick Kane and loses puck.
3:06 of 3rd period - Slapshot by Brady Skjei.
3:06 of 3rd period - Shot Misses the Net.
3:08 of 3rd period - Wrist shot by Taylor Hall.
3:08 of 3rd period - Shot Misses the Net.
3:44 of 3rd period - Snap shot by Jordan Staal.
3:44 of 3rd period - Shot Blocked by Anthony Stewart.
3:46 of 3rd period - Slapshot by Andre Burakovsky.
3:46 of 3rd period - Shot Misses the Net.
3:48 of 3rd period - Slapshot by John Klingberg.
3:48 of 3rd period - Stopped by Marc-André Fleury with a rebound.
4:45 of 3rd period - Leon Draisaitl is hit by Ben Smith and loses puck.
5:08 of 3rd period - Slapshot by Travis Hamonic.
5:08 of 3rd period - Stopped by Brian Elliott without a rebound.
5:09 of 3rd period - Jordan Caron wins face-off versus Jordan Staal in Maple Leafs zone.
5:10 of 3rd period - Snap shot by Kellan Lain.
5:10 of 3rd period - Shot Misses the Net.
5:51 of 3rd period - Snap shot by Beau Bennett.
5:51 of 3rd period - Goal by Beau Bennett - Maple Leafs : 3 - Oilers : 1.
5:52 of 3rd period - Connor McDavid wins face-off versus Brayden Schenn in neutral zone.
6:19 of 3rd period - Wrist shot by Rostislav Olesz.
6:19 of 3rd period - Shot Misses the Net.
6:21 of 3rd period - Snap shot by Riley Sheahan.
6:21 of 3rd period - Shot Misses the Net.
6:35 of 3rd period - Slapshot by John Klingberg.
6:35 of 3rd period - Shot Blocked by Steve Montador.
6:57 of 3rd period - Snap shot by Rostislav Olesz.
6:57 of 3rd period - Stopped by Brian Elliott with a rebound.
6:59 of 3rd period - Slapshot by Rostislav Olesz.
6:59 of 3rd period - Shot Blocked by Patrick Kane.
7:01 of 3rd period - Snap shot by Rostislav Olesz.
7:01 of 3rd period - Shot Misses the Net.
7:03 of 3rd period - Slapshot by Steve Montador.
7:03 of 3rd period - Shot Misses the Net.
7:05 of 3rd period - Snap shot by Rostislav Olesz.
7:05 of 3rd period - Stopped by Brian Elliott without a rebound.
7:06 of 3rd period - Mika Zibanejad wins face-off versus Connor McDavid in Maple Leafs zone.
7:23 of 3rd period - Wrist shot by Connor McDavid.
7:23 of 3rd period - Shot Misses the Net.
7:33 of 3rd period - Shea Weber is hit by Ben Smith.
8:06 of 3rd period - Wrist shot by Taylor Hall.
8:06 of 3rd period - Shot Misses the Net.
8:12 of 3rd period - Kyle Clifford is hit by Connor McDavid and loses puck.
8:23 of 3rd period - Snap shot by Connor McDavid.
8:23 of 3rd period - Stopped by Brian Elliott without a rebound.
8:24 of 3rd period - Leon Draisaitl wins face-off versus Beau Bennett in Maple Leafs zone.
9:53 of 3rd period - Slapshot by Travis Hamonic.
9:53 of 3rd period - Shot Misses the Net.
10:01 of 3rd period - Minor Penalty to Chris Kelly for Slashing.
10:02 of 3rd period - Brayden Schenn wins face-off versus Connor McDavid in Maple Leafs zone.
10:02 of 3rd period - Brayden Schenn is hit by Taylor Hall.
10:34 of 3rd period - Slapshot by Jordan Staal.
10:34 of 3rd period - Shot Blocked by Tobias Enstrom.
11:32 of 3rd period - Johnny Gaudreau is hit by Ben Smith and loses puck.
12:01 of 3rd period - Penalty to Chris Kelly is over, Chris Kelly is back on ice.
12:05 of 3rd period - Snap shot by Patrick Kane.
12:05 of 3rd period - Stopped by Marc-André Fleury with a rebound.
12:23 of 3rd period - Wrist shot by Blake Comeau.
12:23 of 3rd period - Stopped by Marc-André Fleury with a rebound.
12:44 of 3rd period - Kevin Porter is hit by Jordan Staal and loses puck.
13:08 of 3rd period - Steve Montador is hit by Jake Guentzel and loses puck.
13:36 of 3rd period - Oscar Klefbom is hit by Kyle Clifford and loses puck.
14:11 of 3rd period - Minor Penalty to Jordan Caron for Interference.
14:12 of 3rd period - Riley Sheahan wins face-off versus Brayden Schenn in Oilers zone.
14:22 of 3rd period - Snap shot by Jake Guentzel.
14:22 of 3rd period - Stopped by Marc-André Fleury without a rebound.
14:23 of 3rd period - Riley Sheahan wins face-off versus Brayden Schenn in Oilers zone.
14:54 of 3rd period - Slapshot by John Klingberg.
14:54 of 3rd period - Stopped by Marc-André Fleury with a rebound.
14:56 of 3rd period - Wrist shot by Ben Smith.
14:56 of 3rd period - Stopped by Marc-André Fleury with a rebound.
16:11 of 3rd period - Penalty to Jordan Caron is over, Jordan Caron is back on ice.
16:20 of 3rd period - Wrist shot by Claude Giroux.
16:20 of 3rd period - Shot Blocked by Dany Heatley.
16:22 of 3rd period - Slapshot by Tobias Enstrom.
16:22 of 3rd period - Shot Blocked by John Klingberg.
16:40 of 3rd period - Andre Burakovsky is hit by Pavel Buchnevich and loses puck.
17:01 of 3rd period - Braydon Coburn is hit by Kevin Porter.
17:49 of 3rd period - Ryan Parent is hit by Kevin Porter and loses puck.
18:10 of 3rd period - Kevin Shattenkirk is hit by Leon Draisaitl and loses puck.
18:25 of 3rd period - Wrist shot by Riley Sheahan.
18:25 of 3rd period - Shot Misses the Net.
18:27 of 3rd period - Wrist shot by Rostislav Olesz.
18:27 of 3rd period - Shot Misses the Net.
19:23 of 3rd period - Patrick Kane is hit by Kellan Lain and loses puck.
19:28 of 3rd period - Wrist shot by Rostislav Olesz.
19:28 of 3rd period - Shot Blocked by Patrick Kane.
19:30 of 3rd period - Snap shot by Kevin Porter.
19:30 of 3rd period - Shot Blocked by John Klingberg.
19:32 of 3rd period - Snap shot by Kellan Lain.
19:32 of 3rd period - Shot Misses the Net.
Goals for this period are 2 for Maple Leafs vs 0 for Oilers.
Shots for this period are 10 for Maple Leafs vs 4 for Oilers.
Output by the SimonT Hockey Simulator (STHS) for Francois Prevost